 Dungeon Crawl Stone Soup version 0.28.0-53-g5a82cb258f (webtiles) character file.

Game seed: 11594577314248476620

3323 issech the Spear-Bearer (level 9, -7/71 HPs)
             Began as a Minotaur Monk on May 25, 2022.
             Was a Priest of Hepliaklqana.
             Mangled by a two-headed ogre
             ... wielding a +0 giant club
              (13 damage)
             ... on level 10 of the Dungeon on May 26, 2022.
             The game lasted 00:29:15 (9248 turns).

issech the Spear-Bearer (Minotaur Monk)             Turns: 9248, Time: 00:29:16

Health: -7/71      AC: 14    Str: 17    XL:     9   Next: 71%
Magic:  8/8        EV:  6    Int:  7    God:    Hepliaklqana [***...]
Gold:   497        SH:  5    Dex: 16    Spells: 8/8 levels left

rFire   + . .      SeeInvis .   c - +4 trident
rCold   . . .      Faith    .   j - +0 buckler
rNeg    . . .      Spirit   .   z - +0 plate armour
rPois   .          Reflect  .   O - +0 hat
rElec   .          Harm     .   p - +0 cloak
rCorr   .          Rampage  .   (no gloves)
Will    .....                   (no boots)
Stlth   ..........              (no amulet)
HPRegen 0.21/turn               P - ring of protection from fire
MPRegen 0.11/turn               W - ring of flight

@: flying
A: reduced essence, horns 2, retaliatory headbutt
a: Renounce Religion, Recall Ancestor, Ancestor Identity, Transference


You were on level 10 of the Dungeon.
You worshipped Hepliaklqana.
Hepliaklqana was most pleased with you.
You visited 2 branches of the dungeon, and saw 10 of its levels.
You also visited: Ossuary.

You collected 497 gold pieces.

Inventory:

Hand Weapons
 b - a +3 spear
 c - a +4 trident (weapon)
 k - a +1 whip of electrocution
 o - a +0 vorpal flail
 v - a +4 halberd
 x - a +3 battleaxe of freezing
 A - a +4 dire flail
 K - a +0 hunting sling
 Z - a +0 halberd
Missiles
 e - 12 poisoned darts
 g - 68 bolts
 h - 283 stones (quivered)
 w - 121 arrows
 I - 91 sling bullets
 Q - 6 large rocks
 X - a throwing net
Armour
 a - a +0 robe of positive energy
 j - a +0 buckler (worn)
 p - a +0 cloak (worn)
 z - a +0 plate armour (worn)
 J - a +1 leather armour of cold resistance
 O - a +0 hat (worn)
Magical Staves
 q - a staff of earth
Jewellery
 P - a ring of protection from fire (left hand)
 W - a ring of flight (right hand)
Wands
 s - a wand of iceblast (7)
 M - a wand of acid (11)
 T - a wand of polymorph (10)
Scrolls
 l - 2 scrolls of noise
 m - 3 scrolls of teleportation
 r - 3 scrolls of amnesia
 t - 2 scrolls of fog
 y - 3 scrolls of blinking
 E - 2 scrolls of summoning
 F - a scroll of magic mapping
 R - 2 scrolls of immolation
 S - a scroll of torment
 U - 5 scrolls of enchant weapon {unknown}
 Y - a scroll of enchant armour
Potions
 d - 2 potions of attraction {unknown}
 f - 3 potions of heal wounds {unknown}
 i - 2 potions of brilliance {unknown}
 n - a potion of resistance {unknown}
 u - 4 potions of invisibility {unknown}
 B - a potion of flight {unknown}
 C - 4 potions of degeneration {unknown}
 D - 2 potions of cancellation {unknown}
 G - a potion of might {unknown}
 H - 3 potions of lignification {unknown}
 L - a potion of ambrosia {unknown}
 N - a potion of curing {unknown}
 V - a potion of mutation {unknown}


   Skills:
 + Level 7.4 Fighting
 + Level 4.7(8.0) Axes
 + Level 4.5(5.5) Maces & Flails
 + Level 8.8(9.4) Polearms
 + Level 3.7(3.8) Slings
 + Level 0.7(2.2) Throwing
 + Level 8.0 Armour
 + Level 4.0 Dodging
 + Level 3.0 Stealth
 + Level 3.3 Shields


You had 8 spell levels left.
You didn't know any spells.
Your spell library contained the following spells:

 Spells                   Type           Power      Damage    Failure   Level
 Animate Skeleton         Necr           0%         N/A       100%        1
 Pain                     Necr           0%         1d4       100%        1
 Gell's Gravitas          Tloc           0%         N/A       100%        3
 Inner Flame              Hex/Fire       0%         N/A       100%        3
 Teleport Other           Tloc           0%         N/A       100%        3
 Vampiric Draining        Necr           0%         2d6       100%        3
 Cause Fear               Hex            0%         N/A       100%        4
 Dispersal                Tloc           0%         N/A       100%        6
 Discord                  Hex            0%         N/A       100%        8


Dungeon Overview and Level Annotations

Branches:
Dungeon (8/15)             Temple (1/1) D:5         Ossuary (visited)
   Lair: D:8-11

Altars:
Ashenzari
Cheibriados
Dithmenos
Elyvilon
Fedhas
Gozag
Hepliaklqana
Kikubaaqudgha
Makhleb
Nemelex Xobeh
Okawaru
Qazlal
Ru
Sif Muna
Uskayaw
Vehumet
Wu Jian
Xom
Zin
The Shining One


Innate Abilities, Weirdness & Mutations

Your life essence is reduced to manifest your ancestor. (-10% HP)
You have a pair of horns on your head.
You reflexively headbutt those who attack you in melee.


Message History

There is an open door, spattered with blood here.
Things that are here:
a +0 dagger; an orc corpse Caesarion is recalled.
Things that are here:
a +0 club; an orc corpse
R - 2 scrolls of immolation (gained 1)
You now have 497 gold pieces (gained 8).
Things that are here:
a +0 dagger; a +0 robe; an orc corpse
Things that are here:
a +0 club; an orc corpse
There is an open door, spattered with blood here.
Things that are here:
a +0 dagger; an orc corpse You reach down and open the door.
A yak and a two-headed ogre come into view.
The yak bellows!
The two-headed ogre shouts in stereo!
A yak comes into view. 2 yaks come into view.
The yak bellows! x2
There is an open door here.
You puncture the two-headed ogre!
The two-headed ogre is moderately wounded.
The yak gores you.
You puncture the two-headed ogre!
The two-headed ogre is moderately wounded.
The two-headed ogre hits you with a +0 giant club.
The two-headed ogre barely misses you.
You hit the two-headed ogre. You headbutt the two-headed ogre!
The two-headed ogre is severely wounded.
You hear the faint creaking of a portcullis very nearby.
The two-headed ogre hits you with a +0 giant club!!
The two-headed ogre hits you with a +0 giant spiked club!!
* * * LOW HITPOINT WARNING * * *
You hit the two-headed ogre. You headbutt the two-headed ogre!
The two-headed ogre is almost dead.
You block the yak's attack.
The two-headed ogre hits you with a +0 giant club!
You die...

#..........#***,,,,,,
#..........# ******, #..........#
*, #.....))...# ** ######)#####
*, ###.# *, #...# ****, ********
#R### *,,,,
,,,,,,,********#@#***********,,,,
,,,,,,,+,,,,*#.YOYY.....,*,,,,,,,
,,,,,,,****,*#...Y......,+,**,,,,
,,,,,,,* *,,+..........,****,,,,
,,<,,,,* ***#..........,* **,,,,
,,,,,,,* #..........,* *,,,,,
*****+** ##+######.#****,****
*,,,,* *,**** *.#**,,,* *,****
*,,>,* *,,,*,*,***


You could see the friendly Caesarion the battlemage, a two-headed ogre (ally
target) and 4 yaks.

Vanquished Creatures
  A wraith (Ossuary)
  The ghost of Kazon the Slasher, an amateur DgFi (D:4)
  A water moccasin (D:6)
  2 sky beasts
  A black bear (D:7)
  An ice beast (D:7)
  2 phantoms
  2 wights (D:6)
  A centaur zombie (D:7)
  3 hounds
  2 orc priests (D:10)
  A bullfrog skeleton (D:6)
  A centaur skeleton (D:7)
  4 iguanas
  2 orc wizards
  Ijyb (D:4)
  A howler monkey zombie (D:6)
  3 mummies (Ossuary)
  6 gnolls (D:4)
  6 adders
  2 white imps (D:6)
  2 ufetubi
  An adder skeleton (D:4)
  A worm (D:2)
  2 dart slugs (D:2)
  9 orcs
  5 endoplasms
  3 giant cockroaches
  8 goblins
  9 hobgoblins
  4 jackals (D:2)
  4 quokkas
  3 ball pythons
  3 bats
  2 frilled lizards
  5 goblin zombies
  A hobgoblin zombie (Ossuary)
  3 kobolds
  4 kobold zombies (Ossuary)
  A quokka zombie (D:4)
  6 rats
120 creatures vanquished.

Vanquished Creatures (collateral kills)
  A manticore (D:7)
  A wyvern (D:8)
  A steam dragon (D:6)
  A water moccasin (D:8)
  An orc warrior (D:8)
  A sky beast (D:8)
  2 necrophages (D:6)
  An ogre (D:6)
  A centaur (D:8)
  A howler monkey (D:6)
  2 wights (D:6)
  A bullfrog zombie (D:7)
  3 orc priests (D:8)
  2 jellies
  An iguana (D:6)
  An orc wizard (D:8)
  A howler monkey skeleton (D:6)
  2 white imps (D:7)
  3 orcs
27 creatures vanquished.

Vanquished Creatures (others)
  8 fungi (D:6)
  4 plants
12 creatures vanquished.

Grand Total: 159 creatures vanquished

Notes
Turn   | Place    | Note
-------+----------+-------------------------------------------
     0 | D:1      | issech the Minotaur Monk began the quest for the Orb.
     0 | D:1      | Reached XP level 1. HP: 19/19 MP: 0/0
   164 | D:1      | Reached XP level 2. HP: 26/27 MP: 1/1
   693 | D:1      | Found a faded altar of an unknown god.
   850 | D:2      | Reached XP level 3. HP: 24/33 MP: 2/2
  1790 | D:2      | Reached XP level 4. HP: 41/41 MP: 3/3
  1947 | D:2      | Reached skill level 1 in Maces & Flails
  2280 | D:3      | Found a burning altar of Makhleb.
  2898 | D:4      | Noticed a phantom
  2907 | D:4      | Killed a phantom
  2908 | D:4      | Reached skill level 1 in Armour
  2908 | D:4      | Reached XP level 5. HP: 36/47 MP: 4/4
  2935 | D:4      | Found a sand-covered staircase.
  2948 | Ossuary  | Entered an ossuary
  2948 | Ossuary  | Noticed a wraith
  2948 | Ossuary  | Noticed a wraith
  2948 | Ossuary  | Noticed a wraith
  3205 | Ossuary  | Noticed a wraith
  3792 | Ossuary  | Killed a wraith
  3793 | Ossuary  | Reached XP level 6. HP: 29/55 MP: 5/5
  4046 | Ossuary  | Reached skill level 1 in Shields
  4386 | D:4      | Reached skill level 5 in Fighting
  4486 | D:4      | Reached skill level 1 in Polearms
  4539 | D:4      | Reached XP level 7. HP: 46/61 MP: 6/6
  4647 | D:4      | Found a runed translucent gate.
  4650 | D:4      | Found a runed translucent gate.
  4651 | D:4      | Found a runed translucent gate.
  4651 | D:4      | Noticed Kazon's ghost (amateur DgFi)
  5082 | D:4      | Noticed Ijyb
  5168 | D:4      | Killed Ijyb
  5388 | D:4      | Killed Kazon's ghost
  5618 | D:5      | Entered Level 5 of the Dungeon
  5785 | D:5      | Found a glowing silver altar of Zin.
  6124 | D:5      | Found a staircase to the Ecumenical Temple.
  6138 | Temple   | Entered the Ecumenical Temple
  6202 | Temple   | Became a worshipper of Hepliaklqana the Forgotten
  6202 | Temple   | Reached * piety under Hepliaklqana
  6202 | Temple   | Reached ** piety under Hepliaklqana
  6203 | Temple   | Remembered your ancestor Caesarion as a battlemage
  6382 | D:6      | Noticed a steam dragon
  6407 | D:6      | Killed a steam dragon
  6408 | D:6      | Reached skill level 5 in Armour
  6408 | D:6      | Reached XP level 8. HP: 44/62 MP: 7/7
  6418 | D:6      | Reached skill level 5 in Polearms
  7851 | D:7      | Reached XP level 9. HP: 58/70 MP: 8/8
  7855 | D:7      | Found an opulent altar of Gozag.
  8333 | D:7      | Reached *** piety under Hepliaklqana
  8341 | D:7      | Noticed a manticore
  8351 | D:7      | Killed a manticore
  8352 | D:7      | Reached skill level 1 in Slings
  8637 | D:7      | Found a shadowy altar of Dithmenos.
  9196 | D:8      | You are sucked into a shaft and drop 2 floors!
  9196 | D:10     | Entered Level 10 of the Dungeon
  9243 | D:10     | Noticed a two-headed ogre
  9248 | D:10     | Mangled by a two-headed ogre

Illustrated notes

Levels and vault maps discovered:
D:1:      ncdulo_lavacross, layout_rooms,
          dreamdust_ecumenical_altar_hidden_monk_grotto,
          minmay_misc_feat_more_columns
D:2:      layout_basic, mrwooster_statue_mirror, serial_bayou_crossing
D:3:      layout_rooms, bloody_makhleb
D:4:      layout_rooms, ebering_ghost_rock_garden, enter_ossuary_4, uniq_ijyb
D:5:      layout_cave_pools, amcnicky_altar_gilded,
          minmay_temple_entry_poolview, hex_large
D:6:      layout_basic, serial_aquarium, aquarium_bridge_island_small
          [aquarium_subvault_small_open, aquarium_subvault_bridge,
          aquarium_subvault_wall, aquarium_subvault_window,
          aquarium_subvault_balcony], aquarium_bridge_straight
          [aquarium_subvault_bridge, aquarium_subvault_window,
          aquarium_subvault_bridge, aquarium_subvault_wall], aquarium_window_2,
          aquarium_window_corridor_3, aquarium_view_2c, aquarium_view_2a
D:7:      layout_cave_pods, nicolae_gozag_seed_capital, grunt_dithmenos_smoke,
          dk_noncrumbling_3
D:8:      layout_cave_pools
D:10:     layout_roguey, enter_bailey_3,
          hellmonk_guarded_unrand_seven_league_boots, uniq_erolcha,
          uniq_maurice, uniq_nergalle
Temple:   eino_temple_rhombus

Skill      XL: |  1  2  3  4  5  6  7  8  9 |
---------------+----------------------------+-----
Fighting       | 4 5 6 7 |  7.4
Axes           | 4 |  4.7
Maces & Flails | 3 4 |  4.5
Stealth        | 2 3 |  3.0
Armour         | 1 2 3 5 7 8 |  8.0
Shields        | 1 3 |  3.3
Polearms       | 2 4 7 8 |  8.8
Dodging        | 4 |  4.0
Slings         | 3 |  3.7
Throwing       | |  0.7

Action                   |  1- 3 |  4- 6 |  7- 9 || total
-------------------------+-------+-------+-------++-------
Melee: Hand axe          |    21 |       |       ||    21
       Headbutt          |    11 |    37 |    47 ||    95
       Whip              |    47 |       |       ||    47
       Flail             |    14 |    55 |       ||    69
       Spear             |       |    78 |   119 ||   197
       Trident           |       |       |    65 ||    65
 Fire: Hunting sling     |       |       |    41 ||    41
Throw: Dart              |     4 |       |       ||     4
       Stone             |       |     1 |     4 ||     5
Invok: Ancestor Life: Ba |       |       |     1 ||     1
       Recall Ancestor   |       |       |     1 ||     1
  Use: Scroll            |       |     5 |     6 ||    11
 Stab: Sleeping          |     2 |     1 |       ||     3
       Distracted        |       |       |     2 ||     2
Armor: Robe              |     8 |     3 |       ||    11
       Plate armour      |       |    83 |   100 ||   183
Dodge: Dodged            |    44 |    35 |    42 ||   121
Block: Buckler           |     3 |    19 |    24 ||    46
